 Dungeon Crawl Stone Soup version 0.27.0-1-g7a089689b8 (webtiles) character file.

Game seed: 7932919473986981021

140 SnakkuSnakku7 the Cudgeller (level 5, -1/41 HPs)
             Began as a Mummy Abyssal Knight on Aug 1, 2021.
             Was a Follower of Lugonu.
             Slain by a wyvern zombie (12 damage)
             ... on level 3 of the Dungeon.
             The game lasted 00:02:52 (2473 turns).

SnakkuSnakku7 the Cudgeller (Mummy Abyssal Knight)  Turns: 2473, Time: 00:02:52

Health: -1/41      AC:  4    Str: 17    XL:     5   Next: 2%
Magic:  6/6        EV:  6    Int: 11    God:    Lugonu [*.....]
Gold:   33         SH: 11    Dex: 11    Spells: 4/4 levels left

rFire    x . .     SeeInvis .   a - +1 mace
rCold    + . .     Faith    .   l - +0 tower shield
rNeg     + + +     Spirit   .   j - +2 robe {rN+}
rPois    ∞         Reflect  .   (no helmet)
rElec    .         Harm     .   (no cloak)
rCorr    .         Rampage  .   (no gloves)
Will     .....                  (no boots)
Stlth    +.........             (no amulet)
HPRegen  0.13/turn              (no ring)
MPRegen  0.10/turn              (no ring)

@: no status effects
A: cold resistance 1, negative energy resistance 3, torment resistance 2, heat
vulnerability 1, no potions
a: Renounce Religion, Depart the Abyss


You were on level 3 of the Dungeon.
You worshipped Lugonu.
Lugonu was aware of your devotion.
You visited 1 branch of the dungeon, and saw 3 of its levels.
You visited the Abyss 1 time.

You collected 33 gold pieces.

Inventory:

Hand Weapons
 a - a +1 mace (weapon)
Missiles
 g - 2 throwing nets
Armour
 b - a +0 leather armour
 j - a +2 robe of positive energy (worn)
 l - a +0 tower shield (worn)
Jewellery
 h - a ring of resist corrosion
Wands
 i - a wand of iceblast (10)
Scrolls
 c - 3 scrolls of identify {unknown}
 d - a scroll of fear {unknown}
 e - 2 scrolls of vulnerability {unknown}
 f - 3 scrolls of magic mapping {unknown}
 k - a scroll of amnesia {unknown}


   Skills:
 - Level 3.0 Fighting
 + Level 4.3 Maces & Flails
 - Level 1.5 Armour
 - Level 0.7 Dodging
 - Level 1.5 Invocations


You had 4 spell levels left.
You didn't know any spells.
Your spell library contained the following spells:

 Spells                   Type           Power      Damage    Failure   Level
 Pain                     Necr           0%         1d4       100%        1
 Agony                    Necr           0%         N/A       100%        5
 Excruciating Wounds      Necr           0%         N/A       100%        5


Dungeon Overview and Level Annotations

Branches:
Dungeon (3/15)

Altars:

Annotations:
D:2 Terence


Innate Abilities, Weirdness & Mutations

You are immune to poison.
Your flesh is cold resistant. (rC+)
You are immune to negative energy. (rN+++)
You are immune to unholy pain and torment.
You are vulnerable to heat. (rF-)
You do not drink.


Message History

No target in view!
HP restored.
A wyvern zombie comes into view.
The wyvern zombie moves out of view.
A wyvern zombie is nearby!
The wyvern zombie barely misses you.
You hit the wyvern zombie.
The wyvern zombie is lightly damaged.
The wyvern zombie barely misses you. You block the wyvern zombie's attack.
You hit the wyvern zombie.
The wyvern zombie is lightly damaged.
The wyvern zombie barely misses you. You block the wyvern zombie's attack.
You hit the wyvern zombie.
The wyvern zombie is moderately damaged.
The wyvern zombie bites you but does no damage. x2
You hit the wyvern zombie.
The wyvern zombie is moderately damaged.
You block the wyvern zombie's attack. The wyvern zombie bites you.
You barely miss the wyvern zombie.
The wyvern zombie is moderately damaged.
You block the wyvern zombie's attack. The wyvern zombie bites you!
The wyvern zombie bites you but does no damage.
You barely miss the wyvern zombie.
The wyvern zombie is moderately damaged.
You block the wyvern zombie's attack. The wyvern zombie bites you.
Your shield prevents you from hitting the wyvern zombie.
The wyvern zombie is moderately damaged.
The wyvern zombie bites you. You block the wyvern zombie's attack.
You hit the wyvern zombie but do no damage.
The wyvern zombie is moderately damaged.
The wyvern zombie bites you but does no damage.
You block the wyvern zombie's attack.
You hit the wyvern zombie but do no damage.
The wyvern zombie is moderately damaged.
The wyvern zombie bites you. The wyvern zombie bites you!
* * * LOW HITPOINT WARNING * * *
You hit the wyvern zombie.
The wyvern zombie is heavily damaged.
The wyvern zombie bites you!
You die...

..#...## #.#.#
.......### #.#.#
...........
#.#.#
.#.....###.#
#.#.# .......#
#.#.# ###.#..#
#.#.### ##.#.#
#.#...# .#.#
#.###.#...######
....
#....Z@........
##. .
##...##..######
#.##.....# #.#
###...# ## #...#
#...# #...#
#...#


You could see a wyvern zombie.

Vanquished Creatures
  A hound (D:2)
  Jessica (D:2)
  4 adders
  A dart slug (D:1)
  2 worms (D:2)
  3 ball pythons
  7 endoplasms
  2 giant cockroaches
  4 goblins
  A hobgoblin (D:1)
  3 jackals (D:2)
  A quokka (D:3)
  4 bats
  2 frilled lizards
  3 kobolds
  2 rats (D:3)
41 creatures vanquished.

Notes
Turn   | Place    | Note
-------+----------+-------------------------------------------
     0 | Abyss:1  | SnakkuSnakku7 the Mummy Abyssal Knight began the quest for
                  | the Orb.
     0 | Abyss:1  | Reached XP level 1. HP: 18/18 MP: 2/2
    33 | D:1      | Escaped the Abyss
    86 | D:1      | Reached * piety under Lugonu
   168 | D:1      | Reached skill level 2 in Maces & Flails
   323 | D:1      | Reached XP level 2. HP: 24/24 MP: 3/3
   342 | D:1      | Found a faded altar of an unknown god.
   937 | D:2      | Reached XP level 3. HP: 19/29 MP: 4/4
   944 | D:2      | Reached skill level 3 in Maces & Flails
  1411 | D:2      | Noticed Jessica
  1415 | D:2      | Killed Jessica
  1416 | D:2      | Reached XP level 4. HP: 29/35 MP: 5/5
  1752 | D:2      | Noticed Terence
  2129 | D:2      | Reached skill level 4 in Maces & Flails
  2387 | D:3      | Reached XP level 5. HP: 41/41 MP: 6/6
  2473 | D:3      | Slain by a wyvern zombie

Illustrated notes

Levels and vault maps discovered:
D:1:      dpeg_arrival_short_road, layout_loops_cross,
          shapermc_ecumenical_altar_venn, dk_noncrumbling_4
D:2:      layout_basic, minivault_27, uniq_terence, uniq_jessica
D:3:      layout_loops_ring, mainiacjoe_overflow_catwalk,
          kennysheep_generic_room_5

Skill      XL: |  1  2  3  4 |
---------------+-------------+-----
Maces & Flails | 2 3 4 |  4.3
Fighting       | |  3.0
Armour         | |  1.5
Dodging        | |  0.7
Invocations    | |  1.5

Action                   |  1- 3 |  4- 6 || total
-------------------------+-------+-------++-------
Melee: Mace              |    62 |    85 ||   147
Invok: Depart the Abyss  |     1 |       ||     1
Armor: Leather armour    |    14 |       ||    14
       Robe              |       |    29 ||    29
Dodge: Dodged            |    26 |    74 ||   100
Block: Tower shield      |       |    12 ||    12
